 Dungeon Crawl Stone Soup version 0.29-a0-925-g0a7a3d12f8 (webtiles) character file.

Game seed: 4966059141730469988

201754 Sobieck the Eclecticist (level 19, -6/117 HPs)
             Began as a Djinni Conjurer on July 28, 2022.
             Was the Champion of Hepliaklqana.
             Killed from afar by a quicksilver dragon (23 damage)
             ... with a bolt of dispelling energy
             ... on level 4 of the Snake Pit.
             The game lasted 01:48:44 (34390 turns).

Sobieck the Eclecticist (Djinni Conjurer)          Turns: 34390, Time: 01:48:45

Health: -6/117     AC: 20    Str:  6    XL:     19   Next: 73%
Gold:   271        EV: 13    Int: 44    God:    Hepliaklqana [******] SH: 15 Dex: 12

rFire   + + +      SeeInvis +   c - +6 rapier of the Demagogue {vamp, Fragile rCorr Int+7 SInv, short}
rCold   . . .      Faith    .   s - +4 kite shield of Submission {Int+3}
rNeg    + + .      Spirit   .   S - +1 leather armour {rF+}
rPois   ∞          Reflect  .   Q - +1 helmet
rElec   +          Harm     .   R - scarf {rC+ rF+}
rCorr   +          Rampage  .   l - +3 pair of gauntlets of War {Slay+5}
Will    +....                   (boots unavailable)
Stlth   ++........              w - amulet of Vitality {RegenMP++ Regen++}
HPRegen 1.89/turn               n - ring of the Tortoise {AC+8}
MPRegen 0.00/turn               A - ring of Caut {Contam rElec rN++ Int+6}

@: flying, studying Shields
A: reduced essence, sickness immunity, fire resistance 2, cold vulnerability 1,
float, innate caster, HP casting, extra vitality 1
a: Renounce Religion, Recall Ancestor, Ancestor Identity, Transference, Idealise


You were on level 4 of the Snake Pit.
You worshipped Hepliaklqana.
Hepliaklqana was exalted by your worship.
You visited 4 branches of the dungeon, and saw 26 of its levels.
You also visited: Ossuary, Bailey, Ice Cave and Volcano.

You collected 4140 gold pieces.
You spent 3869 gold pieces at shops.


Innate Abilities, Weirdness & Mutations

Your life essence is reduced to manifest your ancestor. (-10% HP)
You are immune to sickness and miasma.
You are immune to poison.
Your flesh is very heat resistant. (rF++)
You are vulnerable to cold. (rC-)
You float through the air rather than walking.
You learn spells naturally, not from books.
Your magical power is your life essence.
You have superior vitality. (+4 MHP)


   Skills:
 - Level 10.0 Fighting
 - Level 10.0 Armour
 - Level 10.0 Dodging
 - Level 4.0 Stealth
 - Level 10.0 Shields
 + Level 8.8 Unarmed Combat
 - Level 18.0 Spellcasting
 - Level 12.0 Invocations


You had 2 spell levels left.
You knew the following spells:

 Your Spells              Type           Power      Damage    Failure   Level
a - Fireball              Conj/Fire      57%        3d22      1%          5
b - Searing Ray           Conj           100%       2d8       0%          2
c - Dazzling Flash        Conj/Hex       100%       N/A       0%          3
d - Fulminant Prism       Conj/Hex       57%        3d25      0%          4
e - Iskenderun's Mystic   Conj/Tloc      100%       2d19      0%          4
f - Summon Small Mammal   Summ           100%       N/A       0%          1
g - Blink                 Tloc           100%       N/A       0%          2
h - Wereblood             Tmut           100%       N/A       0%          2
i - Portal Projectile     Hex/Tloc       100%       N/A       0%          3
j - Magic Dart            Conj           100%       1d8       0%          1
k - Alistair's Intoxicat  Tmut/Pois      76%        N/A       1%          5
l - Simulacrum            Ice/Necr       57%        N/A       1%          6
m - Dragon Form           Tmut           57%        N/A       1%          7
n - Summon Hydra          Summ           57%        N/A       1%          7
Your spell library was empty.

Inventory:

Hand Weapons
 c - the +6 rapier of the Demagogue (weapon) {vamp, Fragile rCorr Int+7 SInv, short}
   (You bought it in a shop on level 2 of the Orcish Mines)

   It occasionally heals its wielder for a portion of the damage dealt when it
   wounds a living foe.
   Int:       It affects your intelligence (+7).
   SInv:      It lets you see invisible.
   rCorr:     It protects you from acid and corrosion.
   Fragile:   It will be destroyed if unequipped.
 j - a +4 quick blade of draining {shortrare=g}
   (You found it in a volcano)
Missiles
 g - 8 throwing nets {=f!fthrowing}
 o - 6 datura-tipped darts {throwing}
 v - 4 curare-tipped darts {=fthrowing}
 x - 15 boomerangs {throwing}
 F - 58 poisoned darts {throwing}
 N - 3 javelins {throwing}
 T - 5 boomerangs of dispersal {=f!fthrowing}
Armour
 l - the +3 pair of gauntlets of War (worn) {Slay+5}
   (You found it in a volcano)

   Slay:      It affects your accuracy & damage with ranged weapons and melee
   (+5).
 s - the +4 kite shield of Submission (worn) {Int+3}
   (You acquired it on level 12 of the Dungeon)

   Int:       It affects your intelligence (+3).
 Q - a +1 helmet (worn)
   (You bought it in a shop on level 9 of the Dungeon)
 R - a scarf of resistance (worn)
   (You bought it in a shop on level 9 of the Dungeon)
 S - a +1 leather armour of fire resistance (worn)
   (You took it off an orc on level 4 of the Dungeon)
Magical Staves
 O - a staff of cold {!astaff}
   (You found it on level 9 of the Dungeon)
Jewellery
 n - the ring of the Tortoise (left hand) {AC+8}
   (You bought it in a shop on level 12 of the Dungeon)

   [ring of protection]

   AC:        It affects your AC (+8).
 w - the amulet of Vitality (around neck) {RegenMP++ Regen++}
   (You bought it in a shop on level 2 of the Snake Pit)

   [amulet of magic regeneration]

   It increases your rate of magic regeneration.
   Regen:     It increases your rate of health regeneration.
 A - the ring of Caut (right hand) {Contam rElec rN++ Int+6}
   (You found it on level 3 of the Lair of Beasts)

   [ring of intelligence]

   Int:       It affects your intelligence (+6).
   rElec:     It insulates you from electricity.
   rN:        It greatly protects you from negative energy.
   Contam:    It causes magical contamination when unequipped.
 C - an amulet of regeneration {@e2}
   (You found it in an ice cave)
 U - a ring of see invisible
   (You found it in an ice cave)
 Y - a +6 ring of dexterity
   (You found it in an ice cave)
 Z - a ring of ice
   (You found it in an ice cave)
Wands
 a - a wand of flame (34)
   (You took it off Eustachio on level 6 of the Dungeon)
 z - a wand of mindburst (2)
   (You found it on level 1 of the Snake Pit)
 I - a wand of roots (44)
   (You took it off Ijyb on level 3 of the Dungeon)
 V - a wand of polymorph (14)
   (You found it on level 4 of the Dungeon)
 W - a wand of light (3)
   (You took it off a centaur on level 9 of the Dungeon)
Scrolls
 d - 3 scrolls of summoning
 e - 17 scrolls of teleportation {@r4}
 f - a scroll of silence {!r}
 h - 5 scrolls of blinking {!r}
 p - 4 scrolls of poison
 y - 4 scrolls of fog
 B - 4 scrolls of vulnerability {!r!r}
 D - 2 scrolls of magic mapping {!r}
 E - 4 scrolls of fear
 K - a scroll of immolation {!r!r}
 X - 4 scrolls of identify {@r1}
Potions
 i - 6 potions of brilliance
 k - 4 potions of attraction {!q}
 m - 6 potions of cancellation
 r - 2 potions of ambrosia
 t - 6 potions of lignification {!q}
 G - 4 potions of haste {@q3}
 H - 4 potions of might
 L - 18 potions of curing {@q1}
 M - 6 potions of heal wounds {@q2}
 P - 3 potions of mutation {!q}
Miscellaneous
 b - a lightning rod (4/4)
   (You found it on level 5 of the Lair of Beasts)
 q - a box of beasts
   (You found it in a bailey)
 u - a phantom mirror
   (You found it on level 15 of the Dungeon)
 J - a piece from Xom's chessboard (15/15)
   (You found it on level 3 of the Lair of Beasts)

Dungeon Overview and Level Annotations

Branches:
Dungeon (15/15) Zot: 25530  Temple (0/1) D:4            Lair (5/5) D:8 Zot: 23129
 Shoals (0/4) Lair:3        Snake (4/4) Lair:2 Zot: 19403   Slime (0/5) Lair:4
    Orc (2/2) D:11 Zot: 10475     Elf (0/3) Orc:2        Vaults (0/5) D:13
 Depths (0/4) D:15        Ossuary (visited)          Bailey (visited)
  IceCv (visited)         Volcano (visited)

Altars:
Cheibriados
Dithmenos
Hepliaklqana
Makhleb
Nemelex Xobeh
Uskayaw
Jiyva

Shops:
D:3 !   D:6 (   D:9 (![*:   D:12 =   Orc:1 [   Orc:2 ?([?   Snake:1 [*(*=
Snake:2 =!!   Snake:4 ([=

Annotations:
D:6 2 runed translucent doors, Spectrina's ghost, amateur DjVM
Lair:1 3 runed translucent doors, purpskrrrp's ghost, journeyman HuMo

##8.#####..##..##.........8##.#
###.....##8..##..##..≈≈...#####).
.#............#..##..≈≈..#####...
.'...⌠..[........##......##......
.#......†.D.##...##∩....∩##......
###.....##8)#)...##########....##
##8D####...§....########....###
###D.)##......................#
.))....#...(....@.....#.##....#
.)..)..#......................##
..#...##........######.........##
####†##..######.# #.........<.
###..#...#.<..#.# #...........
.....#...#....#.# ##..........
....##...#....#.# ##..........
.####....##'#'#.## ##...........
##...............####........####


You could see a quicksilver dragon (catching breath).


Message History

The quicksilver dragon claws Esmond!
Your six-headed hydra bites the quicksilver dragon! x2
Your six-headed hydra closely misses the quicksilver dragon.
Your six-headed hydra bites the quicksilver dragon.
Your six-headed hydra barely misses the quicksilver dragon.
Your six-headed hydra bites the quicksilver dragon!
The salamander tyrant calls gouts of flame from the lava!
The flame surge hits Esmond!
Esmond resists.
The flame surge hits your six-headed hydra!!!
The quicksilver dragon bites your six-headed hydra!!
Your six-headed hydra dies!
Your six-headed hydra's corpse disappears in a puff of smoke!
The quicksilver dragon roars deafeningly!
Unknown command.
Esmond hits the salamander tyrant but does no damage.
The salamander tyrant hits Esmond.
Esmond is engulfed in flames!
Esmond resists.
Esmond hits the salamander tyrant with a +0 lajatang of freezing!!
Esmond freezes the salamander tyrant!
Unknown command.
The salamander tyrant hits Esmond.
Esmond is engulfed in flames!
Esmond resists.
Esmond casts a spell at the salamander tyrant.
The bolt of magma hits the salamander tyrant!
The salamander tyrant partially resists.
The salamander tyrant dies!
Casting: Summon Hydra (dangerous; 1% risk of failure)
Confirm with . or Enter, or press ? or * to list all spells.
Okay, then.
Unknown command.
Casting: Summon Hydra (dangerous; 1% risk of failure)
Confirm with . or Enter, or press ? or * to list all spells.
Aiming: Fireball (safe; 1% risk of failure)
Press: ? - help, Shift-Dir - straight line, f - quicksilver dragon
Aim: a quicksilver dragon The fireball explodes!
The fireball engulfs the quicksilver dragon!!
The fireball engulfs the quicksilver dragon!
The quicksilver dragon breathes dispelling energy at you.
The bolt of dispelling energy hits you!!!
* * * LOW HITPOINT WARNING * * *
Esmond casts a spell at the quicksilver dragon.
The bolt of magma hits the quicksilver dragon!!
Casting: Fireball (safe; 1% risk of failure)
Confirm with . or Enter, or press ? or * to list all spells.
Aiming: Fireball (safe; 1% risk of failure)
Press: ? - help, Shift-Dir - straight line, f/p - quicksilver dragon
Aim: a quicksilver dragon (lightly wounded, catching its breath)
Okay, then.
Unknown command.
Really read
h - 7 scrolls of blinking {!r}?
Blink to where?
Press: ? - help, Dir - move target, p - quicksilver dragon
As you read the scroll of blinking {!r}, it crumbles to dust.
Esmond has departed this plane of existence.
Unknown command.
Things that are here:
a +0 halberd {polearm}; a +0 robe; a naga corpse
Things that are here:
a +0 flail {mace}; a +0 robe The quicksilver dragon breathes dispelling energy at you.
The bolt of dispelling energy hits you!
* * * LOW HITPOINT WARNING * * *
Danger!
Casting: Fireball (safe; 1% risk of failure)
Confirm with . or Enter, or press ? or * to list all spells.
Aiming: Fulminant Prism (safe; 0% risk of failure)
Press: ? - help, Dir - move target You conjure a prism of explosive energy!
* * * LOW HITPOINT WARNING * * *
A fulminant prism comes into view.
Unknown command.
The quicksilver dragon bites your fulminant prism.
The quicksilver dragon claws your fulminant prism!
The quicksilver dragon bites your fulminant prism.
The quicksilver dragon claws your fulminant prism.
Your fulminant prism crackles loudly.
The quicksilver dragon bites your fulminant prism!!
The blast of energy engulfs the quicksilver dragon!!
Things that are here:
a +0 dire flail {mace}; a black mamba corpse Danger!
The quicksilver dragon breathes dispelling energy at you.
The bolt of dispelling energy hits you!!
* * * LOW HITPOINT WARNING * * *
You see here a shock serpent corpse.
Items here: )) [ †.
Unknown command.
Things that are here:
a +0 hand axe {axe}; a +0 robe Danger!
Unknown command.
Really read
h - 6 scrolls of blinking {!r}?
Blink to where?
Press: ? - help, Dir - move target
As you read the scroll of blinking {!r}, it crumbles to dust.
The quicksilver dragon breathes dispelling energy at you.
The bolt of dispelling energy hits you!!
You die...

Skill      XL: |  1  2  3  4  5  6  7  8  9 10 11 12 13 14 15 16 17 18 19 |
---------------+----------------------------------------------------------+-----
Spellcasting   | 4 5 6 7 8 10 11 13 14 15 16 18 | 18.0
Fighting       | 2 4 5 7 8 9 10 | 10.0
Armour         | 2 4 5 7 8 9 10 | 10.0
Stealth        | 2 3 4 |  4.0
Dodging        | 3 5 6 7 8 9 10 | 10.0
Shields        | 6 7 9 10 | 10.0
Invocations    | 3 11 12 | 12.0
Unarmed Combat | 4 7 8 |  8.8

Action                   |  1- 3 |  4- 6 |  7- 9 | 10-12 | 13-15 | 16-18 | 19-21 || total
-------------------------+-------+-------+-------+-------+-------+-------+-------++-------
Melee: Rapier            |       |       |     5 |     3 |     1 |     7 |       ||    16
       Quick blade       |       |       |       |       |    12 |    11 |       ||    23
       Unarmed           |       |       |       |       |       |   230 |    44 ||   274
       Tailslap          |       |       |       |       |       |    47 |    13 ||    60
       Bite              |       |       |       |       |       |    39 |     6 ||    45
       Punch             |       |       |       |       |       |    13 |     6 ||    19
 Cast: Magic Dart        |    73 |    43 |    46 |     9 |       |       |       ||   171
       Searing Ray       |     4 |    12 |    13 |     7 |       |       |       ||    36
       Fulminant Prism   |       |       |    44 |    38 |    34 |    14 |     1 ||   131
       Iskenderun's Myst |       |       |    11 |    34 |    59 |    38 |       ||   142
       Fireball          |       |       |       |    20 |   224 |   177 |    19 ||   440
       Simulacrum        |       |       |       |       |     3 |     1 |     1 ||     5
       Alistair's Intoxi |       |       |       |       |     1 |     2 |       ||     3
       Dragon Form       |       |       |       |       |       |    18 |     3 ||    21
       Wereblood         |       |       |       |       |       |    15 |     3 ||    18
       Summon Hydra      |       |       |       |       |       |       |     2 ||     2
Invok: Recall Ancestor   |       |       |     1 |     3 |       |     2 |       ||     6
       Ancestor Life: Ba |       |       |     1 |       |       |       |       ||     1
 Abil: Breathe Fire      |       |       |       |       |       |     2 |       ||     2
  Use: Potion            |       |     5 |       |     2 |       |     2 |     2 ||    11
       Scroll            |       |       |    12 |     7 |    15 |     5 |     4 ||    43
 Stab: Distracted        |       |       |       |       |       |     6 |       ||     6
       Sleeping          |       |       |       |       |       |     1 |       ||     1
Armor: Robe              |     1 |       |     1 |       |       |       |       ||     2
       Leather armour    |       |       |       |     4 |    18 |    12 |     1 ||    35
       Skin              |       |       |       |       |       |   171 |    42 ||   213
Dodge: Dodged            |    15 |     9 |     9 |    35 |    86 |   141 |    44 ||   339
Block: Kite shield       |       |       |       |       |    45 |    36 |     6 ||    87

Levels and vault maps discovered:
D:1:      spicycebolla_green_bress_n_ham, layout_basic, minmay_pentomino_t4
D:2:      layout_loops_ring, shapermc_ecumenical_altar_gd
D:3:      layout_basic, old_standard_altar, mainiacjoe_overflow_alcove_2,
          serial_shops, nicolae_shop_behind_doors, uniq_ijyb, uniq_sigmund
D:4:      layout_basic, minmay_temple_entry_glass, uniq_grinder
D:5:      kennysheep_slugbush, layout_loops_ring
D:6:      layout_rooms, serial_shops, nicolae_square_shop,
          ebering_ghost_disaster_area, enter_ossuary_5, uniq_eustachio
D:7:      layout_basic, gammafunk_temple_overflow_elements, minmay_crossroads
D:8:      layout_basic, lair_entry_dummy, serial_bayou_ford_a
D:9:      layout_loops_ring, serial_shops, shop, shop_fountains, shop,
          nicolae_take_the_stairs, nicolae_shop_advertising_works
          [nicolae_subvault_shop_adworks], serial_rivers,
          chequers_serial_rivers_room_b, chequers_serial_rivers_micro_b,
          chequers_serial_rivers_micro_c, chequers_serial_rivers_small_a,
          minmay_bent, uniq_psyche
D:10:     layout_basic, mainiacjoe_overflow_chevrons, enter_bailey_6
D:11:     evilmike_library_of_no_secrets, layout_loops_cross, orc_0_dummy,
          portal_ice_cave_entry_imps
D:12:     layout_irregular_city, serial_shops, shop, hangedman_batty,
          uniq_fannar, uniq_kirke
D:13:     dreamdust_isle_of_ice, layout_small_grid, david_vaults_4,
          serial_bayou_pond_e, uniq_lodul
D:14:     layout_stronghold, minmay_orc_keep, uniq_nessos
D:15:     gammafunk_enter_depths_forms, layout_gridville, minmay_fountain_box,
          grunt_ministairs_5, uniq_roxanne, uniq_rupert
Lair:1:   layout_small_grid, gammafunk_ghost_ooze, uniq_joseph
Lair:2:   layout_loops_ring, minmay_snake_entry_guardpost_large, uniq_amaemon
Lair:3:   layout_gridlike, minmay_shoals_entry_beasts,
          infiniplex_staircase_pool_2, grunt_megastairs_4, uniq_sonja
Lair:4:   layout_regular_city, minmay_slime_entry_pillars, enter_volcano_1,
          kennysheep_snail_temple, grunt_megastairs_3, serial_bayou_shore_b
Lair:5:   hangedman_lair_tendril_chambers, layout_long_grid, st_stairs_7,
          lemuel_centaur_altar, lemuel_fruit_tree
Snake:1:  layout_onion, nicolae_shop_dragon_depot, grunt_megastairs_1,
          minmay_shoptagon
Snake:2:  dpeg_oklob_gauntlet, layout_chambers, minmay_shop_star,
          serial_bayou_shore_a
Snake:3:  layout_chambers, nicolae_snake_gridmaze_spiral, grunt_megastairs_5,
          uniq_bai_suzhen
Snake:4:  hellmonk_snake_rune_quicksilver_temple, layout_cave_town,
          grunt_ministairs_7, nicolae_snake_serpentine_bazaar, uniq_asterion
Orc:1:    layout_diamond_mine, guppyfry_orc_lava_fort, uniq_josephine
Orc:2:    st_orc_ogre_mass, layout_diamond_mine, gauntlet_entry_generic,
          uniq_saint_roka, uniq_erolcha

Notes
Turn   | Place    | Note
-------+----------+-------------------------------------------
     0 | D:1      | Sobieck the Djinni Conjurer began the quest for the Orb.
     0 | D:1      | Sobieck set off with the following spells memorised: Magic
                  | Dart, Searing Ray, Dazzling Flash, Fulminant Prism,
                  | Iskenderun's Mystic Blast.
     0 | D:1      | Reached XP level 1. HP: 15/15 MP: 0/0
   239 | D:1      | Reached XP level 2. HP: 18/21 MP: 0/0
   786 | D:1      | Reached XP level 3. HP: 21/25 MP: 0/0
   786 | D:1      | Learned a level 1 spell: Summon Small Mammal
  1017 | D:1      | Reached skill level 4 in Spellcasting
  1955 | D:2      | Found a faded altar of an unknown god.
  1965 | D:2      | Reached XP level 4. HP: 29/31 MP: 0/0
  2552 | D:3      | Found a hazy altar of Hepliaklqana.
  2577 | D:3      | Noticed Sigmund
  2781 | D:3      | HP: 5/31 [something (11)]
  2786 | D:3      | HP: 5/31 [something (3)]
  3137 | D:3      | Killed Sigmund
  3138 | D:3      | Reached skill level 5 in Spellcasting
  3138 | D:3      | Reached XP level 5. HP: 16/35 MP: 0/0
  3138 | D:3      | Learned a level 2 spell: Blink
  3138 | D:3      | Reached XP level 6. HP: 18/40 MP: 0/0
  3356 | D:3      | Became a worshipper of Hepliaklqana the Forgotten
  3860 | D:3      | Noticed Ijyb
  3869 | D:3      | Killed Ijyb
  4353 | D:3      | Found a sparkling altar of Nemelex Xobeh.
  4421 | D:3      | Found Hap Xon's Distillery.
  4424 | D:3      | Bought a potion of degeneration for 13 gold pieces
  4424 | D:3      | Bought a potion of curing for 39 gold pieces
  4424 | D:3      | Bought a potion of heal wounds for 65 gold pieces
  4507 | D:4      | Noticed a water moccasin
  4513 | D:4      | Killed a water moccasin
  4514 | D:4      | Reached skill level 6 in Spellcasting
  4514 | D:4      | Reached XP level 7. HP: 38/45 MP: 0/0
  4514 | D:4      | Learned a level 2 spell: Wereblood
  4558 | D:4      | Found a staircase to the Ecumenical Temple.
  4684 | D:4      | Reached * piety under Hepliaklqana
  4794 | D:4      | Noticed Grinder
  4808 | D:4      | Killed Grinder
  4809 | D:4      | Reached skill level 7 in Spellcasting
  4809 | D:4      | Reached XP level 8. HP: 20/45 MP: 0/0
  5876 | D:5      | Entered Level 5 of the Dungeon
  6153 | D:5      | Reached skill level 8 in Spellcasting
  6435 | D:5      | Reached XP level 9. HP: 45/49 MP: 0/0
  6435 | D:5      | Learned a level 3 spell: Portal Projectile
  6948 | D:5      | Reached skill level 9 in Spellcasting
  7612 | D:6      | Found Aneeses's Weapon Shop.
  7620 | D:6      | Reached ** piety under Hepliaklqana
  7621 | D:6      | Remembered your ancestor Esmond as a battlemage
  7819 | D:6      | Found a sand-covered staircase.
  7824 | Ossuary  | Entered an ossuary
  7881 | Ossuary  | Reached skill level 10 in Spellcasting
  8045 | Ossuary  | Reached skill level 1 in Fighting
  8045 | Ossuary  | Reached skill level 1 in Armour
  8045 | Ossuary  | Reached skill level 2 in Stealth
  8248 | D:6      | Reached skill level 3 in Dodging
  8257 | D:6      | Noticed Eustachio
  8263 | D:6      | Killed Eustachio
  8264 | D:6      | Reached skill level 2 in Fighting
  8264 | D:6      | Reached skill level 2 in Armour
  8264 | D:6      | Reached XP level 10. HP: 31/57 MP: 0/0
  8425 | D:6      | Found a large runed translucent door.
  8425 | D:6      | Found a large runed translucent door.
  8433 | D:6      | Noticed Spectrina's ghost (amateur DjVM)
  8741 | D:7      | Reached skill level 3 in Stealth
  8862 | D:7      | Reached skill level 4 in Dodging
  8965 | D:7      | Reached skill level 3 in Fighting
  8965 | D:7      | Reached skill level 3 in Armour
  9323 | D:7      | Found a shadowy altar of Dithmenos.
  9588 | D:8      | Found a staircase to the Lair.
  9685 | D:8      | Reached *** piety under Hepliaklqana
  9870 | D:8      | Reached skill level 5 in Dodging
  9872 | D:8      | Reached skill level 4 in Fighting
  9872 | D:8      | Reached skill level 4 in Armour
 10673 | D:9      | Found Fonky's Distillery.
 10718 | D:9      | Noticed Psyche
 10723 | D:9      | HP: 15/60 [centaur/arrow (10)]
 10725 | D:9      | Reached skill level 11 in Spellcasting
 10725 | D:9      | Reached XP level 11. HP: 13/65 MP: 0/0
 10725 | D:9      | Learned a level 5 spell: Fireball
 10728 | D:9      | Killed Psyche
 11214 | D:9      | Found Luzaimech's Assorted Antiques.
 11279 | D:9      | Noticed a centaur warrior
 11559 | Lair:1   | Entered Level 1 of the Lair of Beasts
 11565 | Lair:1   | You are sucked into a shaft and drop 1 floor!
 11567 | Lair:2   | Noticed Amaemon
 11581 | Lair:2   | Reached skill level 12 in Spellcasting
 11582 | Lair:2   | Killed Amaemon
 11903 | Lair:2   | Found a staircase to the Snake Pit.
 12045 | Lair:2   | Noticed a death yak
 12046 | Lair:2   | Noticed a death yak
 12052 | Lair:2   | Killed a death yak
 12053 | Lair:2   | Reached skill level 13 in Spellcasting
 12059 | Lair:2   | Killed a death yak
 12060 | Lair:2   | Reached XP level 12. HP: 56/70 MP: 0/0
 12376 | Lair:1   | Noticed a six-headed hydra
 12380 | Lair:1   | Killed a six-headed hydra
 12479 | Lair:1   | Reached **** piety under Hepliaklqana
 12517 | Lair:1   | Noticed a five-headed hydra
 12521 | Lair:1   | Killed a five-headed hydra
 12662 | Lair:1   | Reached skill level 14 in Spellcasting
 12670 | Lair:1   | Noticed Joseph
 12674 | Lair:1   | Killed Joseph
 13235 | Lair:1   | Found a runed translucent gate.
 13235 | Lair:1   | Found a runed translucent gate.
 13236 | Lair:1   | Noticed purpskrrrp's ghost (journeyman HuMo)
 13237 | Lair:1   | Found a runed translucent gate.
 13242 | Lair:1   | Found a viscous altar of Jiyva.
 13979 | Lair:2   | Noticed an eight-headed hydra
 13984 | Lair:2   | Killed an eight-headed hydra
 14239 | Lair:3   | Reached skill level 4 in Stealth
 14244 | Lair:3   | Reached skill level 5 in Fighting
 14244 | Lair:3   | Reached skill level 5 in Armour
 14249 | Lair:3   | Reached skill level 6 in Dodging
 14400 | Lair:3   | Reached XP level 13. HP: 77/77 MP: 0/0
 14400 | Lair:3   | Learned a level 5 spell: Alistair's Intoxication
 14413 | Lair:3   | Noticed Sonja
 14426 | Lair:3   | Killed Sonja
 14583 | Lair:3   | Reached skill level 6 in Fighting
 14583 | Lair:3   | Reached skill level 7 in Dodging
 14709 | Lair:3   | Found a staircase to the Shoals.
 14757 | Lair:3   | Identified the ring of Caut {Contam rElec rN++ Int+6}
 14796 | Lair:3   | Reached skill level 6 in Armour
 15181 | Lair:3   | Reached skill level 7 in Fighting
 15181 | Lair:3   | Reached skill level 7 in Armour
 15428 | Lair:4   | Reached ***** piety under Hepliaklqana
 15458 | Lair:4   | Found a snail-covered altar of Cheibriados.
 15471 | Lair:4   | Found a dark tunnel.
 15521 | Volcano  | Entered a volcano
 15878 | Volcano  | j - a +0 quick blade of flaming {shortrare=g}
 15879 | Volcano  | your +0 quick blade of flaming {shortrare=g} bursts into
                  | flame!
 15879 | Volcano  | j - a +0 quick blade of flaming (weapon) {shortrare=g}
 15962 | Volcano  | Found the +3 pair of gauntlets of War {Slay+5}
 15996 | Volcano  | your +0 quick blade of flaming {shortrare=g} glows red for
                  | a moment.
 16624 | Lair:4   | Reached skill level 15 in Spellcasting
 16803 | Lair:4   | Found a staircase to the Slime Pits.
 16866 | Lair:4   | Reached XP level 14. HP: 44/86 MP: 0/0
 17831 | D:9      | HP: 20/86 [centaur warrior/arrow (23)]
 18294 | D:9      | Found Vosear's Antique Armour Boutique.
 18302 | D:9      | Bought a glowing scarf for 160 gold pieces
 18302 | D:9      | Bought a helmet for 90 gold pieces
 18359 | D:9      | Found Raeh's Weapon Shop.
 18839 | D:9      | Reached skill level 1 in Shields
 19004 | D:9      | Found Ciyquigy's Book Boutique.
 19116 | D:10     | Entered Level 10 of the Dungeon
 19126 | D:10     | Reached skill level 2 in Shields
 19368 | D:10     | your +1 quick blade of flaming {shortrare=g} thirsts for
                  | the lives of mortals!
 19368 | D:10     | j - a +1 vampiric quick blade (weapon) {shortrare=g}
 19450 | D:10     | Found a flagged portal.
 19624 | Bailey   | Entered a bailey
 19698 | Bailey   | Reached skill level 3 in Shields
 20031 | Bailey   | Identified the +1 plate armour "Pajep" {Harm Will- rCorr}
 20203 | D:10     | Found a burning altar of Makhleb.
 20688 | D:11     | Found a staircase to the Orcish Mines.
 20721 | D:11     | Reached skill level 4 in Shields
 20923 | D:11     | Found a frozen archway.
 21021 | IceCv    | Entered an ice cave
 21297 | IceCv    | Reached skill level 16 in Spellcasting
 21542 | IceCv    | Reached skill level 5 in Shields
 21993 | D:11     | Reached skill level 6 in Shields
 22089 | D:11     | Got Kufyo's Meditations on Cursed Venin
 22197 | D:11     | Got Iner's Encyclopedia of the Blizzard and Toxins
 22215 | D:11     | Got Cerebov's Papyrus of Hurting
 22217 | D:11     | Got the Handbook of the United Excursion
 22246 | D:11     | Reached XP level 15. HP: 70/90 MP: 0/0
 22246 | D:11     | Learned a level 6 spell: Simulacrum
 22248 | D:11     | Reached skill level 7 in Shields
 22296 | D:11     | Got the Encyclopedia of Lofty Shapeshifting
 22305 | D:11     | Identified the ring of Poucur {MP+9 Str-5 Int+8 Dex+2 SInv}
 22523 | D:12     | your +1 vampiric quick blade {shortrare=g} glows red for a
                  | moment.
 22553 | D:12     | Noticed Fannar
 22561 | D:12     | Killed Fannar
 22738 | D:12     | Reached ****** piety under Hepliaklqana
 22792 | D:12     | your +2 vampiric quick blade {shortrare=g} glows red for a
                  | moment.
 22796 | D:12     | Identified a scroll of acquirement
 22797 | D:12     | Acquired the +4 kite shield of Submission {Int+3}
 23199 | D:12     | Noticed Kirke
 23204 | D:12     | Reached skill level 17 in Spellcasting
 23208 | D:12     | Killed Kirke
 23284 | D:12     | Found Fiph's Jewellery Emporium.
 23489 | D:13     | Noticed Lodul
 23493 | D:13     | Killed Lodul
 24156 | D:13     | Found a gate to the Vaults.
 24960 | D:14     | Noticed Nessos
 24969 | D:14     | Killed Nessos
 25543 | D:15     | Entered Level 15 of the Dungeon
 25566 | D:15     | Reached skill level 1 in Invocations
 25592 | D:15     | Identified Roxanne's Atlas of Reformation
 25592 | D:15     | Noticed Roxanne
 25662 | D:15     | Killed Roxanne
 25859 | D:15     | Reached skill level 18 in Spellcasting
 25859 | D:15     | Reached skill level 2 in Invocations
 25976 | D:15     | Reached skill level 3 in Invocations
 25976 | D:15     | Reached XP level 16. HP: 82/96 MP: 0/0
 26088 | D:15     | Reached skill level 4 in Invocations
 26134 | D:15     | Reached skill level 5 in Invocations
 26174 | D:15     | Found a staircase to the Depths.
 26277 | D:15     | Reached skill level 6 in Invocations
 26363 | D:15     | your +3 vampiric quick blade {shortrare=g} glows red for a
                  | moment.
 26382 | D:15     | Noticed Rupert
 26388 | D:15     | Killed Rupert
 26392 | D:15     | a +6 triple sword of freezing {longrare=g}; a +0 leather
                  | armour
 26393 | D:15     | a +6 triple sword of freezing {longrare=g}; a +0 leather
                  | armour
 26393 | D:15     | a +6 triple sword of freezing {longrare=g}; a +0 leather
                  | armour
 26393 | D:15     | Could not pick up a +6 triple sword of freezing
                  | {longrare=g} here; ([A]lways) ignore it?
 26817 | Orc:1    | Entered Level 1 of the Orcish Mines
 27073 | Orc:2    | Entered Level 2 of the Orcish Mines
 27073 | Orc:2    | Noticed Erolcha
 27073 | Orc:2    | Found a staircase to the Elven Halls.
 27079 | Orc:2    | Killed Erolcha
 27080 | Orc:2    | Reached skill level 7 in Invocations
 27198 | Orc:1    | Noticed Josephine
 27204 | Orc:1    | Killed Josephine
 27273 | Orc:1    | Found Simacay's Armour Shoppe.
 27279 | Orc:1    | Reached skill level 8 in Invocations
 27608 | Orc:2    | Reached skill level 9 in Invocations
 27724 | Orc:2    | Reached skill level 10 in Invocations
 27958 | Orc:2    | Noticed Saint Roka
 27969 | Orc:2    | Killed Saint Roka
 27977 | Orc:2    | Reached skill level 11 in Invocations
 28095 | Orc:2    | Found Ythe's Armour Emporium.
 28095 | Orc:2    | Found Feheat's Magic Scroll Boutique.
 28095 | Orc:2    | Found Osidal's Magic Scroll Shop.
 28095 | Orc:2    | Found Hetwa's Antique Weapon Emporium.
 28103 | Orc:2    | Bought a scroll of blinking for 90 gold pieces
 28107 | Orc:2    | Bought a crude mace for 256 gold pieces
 28107 | Orc:2    | Identified the +12 mace "Illicrach" {flame, Str+2} (You
                  | bought it in a shop on level 2 of the Orcish Mines)
 28107 | Orc:2    | Bought a translucent rapier for 288 gold pieces
 28107 | Orc:2    | Identified the +6 rapier of the Demagogue {vamp, Fragile
                  | rCorr Int+7 SInv} (You bought it in a shop on level 2 of
                  | the Orcish Mines)
 28403 | D:12     | Bought the ring of the Tortoise {AC+8} for 1408 gold pieces
 28403 | D:12     | Found the ring of the Tortoise {AC+8}
 28579 | Lair:5   | Entered Level 5 of the Lair of Beasts
 28597 | Lair:5   | Reached XP level 17. HP: 55/100 MP: 0/0
 28597 | Lair:5   | Learned a level 7 spell: Dragon Form
 28726 | Lair:5   | Acquired a manual of Shields
 28803 | Lair:5   | Found a hide-covered altar of Uskayaw.
 29153 | Lair:5   | Identified the +6 long sword of Armageddon {drain, rCorr
                  | Str+2}
 29172 | Lair:5   | Reached skill level 1 in Unarmed Combat
 29308 | Lair:5   | Reached skill level 12 in Invocations
 29333 | Lair:5   | Reached skill level 2 in Unarmed Combat
 29460 | Lair:5   | Reached skill level 8 in Shields
 29797 | Snake:1  | Entered Level 1 of the Snake Pit
 29941 | Snake:1  | Found Efil's Jewellery Shop.
 29941 | Snake:1  | Found Umak's General Store.
 29942 | Snake:1  | Found Cawkezir's Weapon Boutique.
 29946 | Snake:1  | Found Sehisch's General Store.
 29952 | Snake:1  | Bought a potion of heal wounds for 55 gold pieces
 29955 | Snake:1  | Bought a scroll of blinking for 105 gold pieces
 29967 | Snake:1  | Reached skill level 3 in Unarmed Combat
 30136 | Snake:1  | Reached skill level 8 in Dodging
 30199 | Snake:1  | Found Fereydun's Dragon-Slaying Spoils.
 30265 | Snake:1  | Reached skill level 8 in Fighting
 30270 | Snake:1  | Reached skill level 8 in Armour
 30489 | Snake:1  | Reached skill level 9 in Shields
 30720 | Snake:1  | Acquired 674 gold pieces
 31121 | Snake:2  | Found Apliysti's Distillery.
 31123 | Snake:2  | Found Miw Vott's Distillery.
 31125 | Snake:2  | Found Muuq's Jewellery Shop.
 31418 | Snake:2  | Reached skill level 4 in Unarmed Combat
 31450 | Snake:2  | your +4 vampiric quick blade {shortrare=g} craves living
                  | souls!
 31450 | Snake:2  | j - a +4 quick blade of draining {shortrare=g}
 31821 | Snake:2  | Got the Monograph on Contamination and Vapour
 31860 | Snake:2  | Bought the amulet of Vitality {RegenMP++ Regen++} for 1300
                  | gold pieces
 31860 | Snake:2  | Found the amulet of Vitality {RegenMP++ Regen++}
 32142 | Snake:3  | Noticed Bai Suzhen
 32150 | Snake:3  | Killed Bai Suzhen
 32151 | Snake:3  | Reached XP level 18. HP: 108/108 MP: 0/0
 32233 | Snake:3  | Reached skill level 10 in Shields
 32621 | Snake:3  | Reached skill level 9 in Dodging
 32725 | Snake:3  | Reached skill level 5 in Unarmed Combat
 32802 | Snake:3  | Reached skill level 9 in Fighting
 33172 | Snake:3  | Reached skill level 9 in Armour
 33524 | Snake:4  | Entered Level 4 of the Snake Pit
 33737 | Snake:4  | Noticed Asterion
 33742 | Snake:4  | Killed Asterion
 33800 | Snake:4  | Found Qepala's Jewellery Shop.
 33830 | Snake:4  | Found Urutib Watt's Armour Emporium.
 33830 | Snake:4  | Found Manecack's Weapon Boutique.
 33833 | Snake:4  | Identified a potion of experience
 33834 | Snake:4  | Reached skill level 7 in Unarmed Combat
 33834 | Snake:4  | Reached XP level 19. HP: 115/115 MP: 0/0
 33834 | Snake:4  | Learned a level 7 spell: Summon Hydra
 33882 | Snake:4  | Reached skill level 8 in Unarmed Combat
 33899 | Snake:4  | HP: 39/172 [naga sharpshooter/arrow (10)]
 33992 | Snake:3  | HP: 41/172 [shock serpent (13)]
 34157 | Snake:4  | Reached skill level 10 in Dodging
 34307 | Snake:4  | Reached skill level 10 in Fighting
 34367 | Snake:4  | Reached skill level 10 in Armour
 34384 | Snake:4  | HP: 5/117 [quicksilver dragon/bolt of dispelling energy
                  | (34)]
 34390 | Snake:4  | Killed from afar by a quicksilver dragon

Vanquished Creatures
  Bai Suzhen (Snake:3)
  Saint Roka (Orc:2)
  Asterion (Snake:4)
  Roxanne (D:15)
  A spark wasp (shapeshifter) (D:15)
  A great orb of eyes (D:15)
  Erolcha (Orc:2)
  A fire dragon (D:13)
  2 salamander tyrants
  Fannar (D:12)
  2 rakshasas (D:15)
  5 hydras
  4 ogre magi (Orc:2)
  3 centaur warriors
  3 boulder beetles
  An ice dragon (IceCv)
  2 catoblepae (Lair:5)
  4 anacondas
  9 two-headed ogres (Orc:2)
  A deep troll earth mage (D:11)
  8 naga warriors
  6 death yaks
  4 shock serpents
  3 tengu warriors
  7 naga sharpshooters
  Sonja (Lair:3)
  6 skeletal warriors
  2 sea snakes (Snake:2)
  Lodul (D:13)
  A naga ritualist (Snake:4)
  A wizard (D:11)
  A phantasmal warrior (D:12)
  A lindwurm (Lair:5)
  A harpy (shapeshifter) (D:13)
  5 deep elf pyromancers
  5 orc sorcerers
  4 oklob plants (Snake:2)
  A deep elf zephyrmancer (D:11)
  3 mana vipers (Snake:1)
  3 ugly things (D:15)
  2 manticores
  2 salamanders
  A wolf spider (Lair:5)
  2 cyclopes (D:15)
  5 elephants (Lair:5)
  21 black mambas
  Joseph (Lair:1)
  7 guardian serpents
  15 naga magi
  3 ice statues
  A smoke demon (Volcano)
  A torpor snail (Lair:4)
  3 gargoyles
  3 unseen horrors (D:12)
  6 cane toads
  5 kobold demonologists (D:11)
  4 komodo dragons
  7 rime drakes
  4 freezing wraiths
  3 ice devils (D:13)
  7 tengu conjurers
  2 trolls
  A wind drake (Lair:3)
  2 polar bears (D:13)
  Grinder (D:4)
  3 hornets
  12 blink frogs
  11 slime creatures
  Sigmund (D:3)
  3 vampires
  4 wraiths
  6 basilisks
  Eustachio (D:6)
  49 yaks
  6 wyverns (Lair:5)
  A fire bat (Volcano)
  3 hogs (D:12)
  A redback (Lair:5)
  27 nagas
  2 wargs
  2 acid dragons
  12 water moccasins
  A floating eye (shapeshifter) (D:13)
  2 hell hounds (Volcano)
  16 orc warriors
  2 black bears
  21 ogres
  8 wolves
  13 centaurs
  3 elf zombies (Ossuary)
  A phantom (D:5)
  4 bullfrogs
  A kobold brigand (D:11)
  2 scorpions
  6 gnoll sergeants
  A two-headed ogre simulacrum (D:13)
  9 wights
  2 cane toad simulacra (D:13)
  12 killer bees
  3 lindwurm simulacra (IceCv)
  7 electric eels
  A howler monkey (D:9)
  3 lava snakes (Volcano)
  2 komodo dragon simulacra (IceCv)
  4 human zombies (Ossuary)
  3 jellies
  12 orc priests
  6 hounds
  3 iguanas
  4 gnoll boudas (Bailey)
  Ijyb (D:3)
  2 hell rats (Lair:4)
  20 orc wizards
  2 troll simulacra (D:13)
  3 mummies (Ossuary)
  7 acid dragon simulacra (IceCv)
  5 adders
  21 gnolls
  A naga simulacrum (D:13)
  15 white imps
  An ufetubus (D:4)
  5 steam dragon simulacra (IceCv)
  2 worms
  6 dart slugs
  56 orcs
  13 bats
  5 endoplasms
  3 giant cockroaches
  5 goblins
  4 hobgoblins
  3 jackals (D:1)
  3 quokkas
  6 ball pythons
  2 frilled lizards (D:3)
  15 kobolds
  6 rats
726 creatures vanquished.

Vanquished Creatures (collateral kills)
  Rupert (D:15)
  Kirke (D:12)
  2 nagarajas
  Nessos (D:14)
  Josephine (Orc:1)
  An ogre mage (D:11)
  3 salamander tyrants (Snake:4)
  5 two-headed ogres (Orc:2)
  An anaconda (Snake:3)
  2 death yaks
  4 naga warriors
  A deep troll earth mage (D:11)
  2 naga sharpshooters
  5 shock serpents
  2 skeletal warriors (D:15)
  Amaemon (Lair:2)
  A sea snake (Snake:2)
  3 naga ritualists
  4 deep elf pyromancers
  2 mana vipers
  An orc sorcerer (Orc:2)
  A cyclops (D:15)
  An ugly thing (Volcano)
  2 manticores
  An elephant (Lair:5)
  5 guardian serpents
  9 black mambas
  A naga mage (Snake:1)
  2 torpor snails
  An unseen horror (D:9)
  An orange demon (Lair:4)
  5 cane toads
  Psyche (D:9)
  4 komodo dragons
  A rime drake (Lair:5)
  A troll (D:9)
  A red devil (Volcano)
  A polar bear (D:13)
  2 hornets
  5 slime creatures
  5 blink frogs
  4 wyverns
  24 yaks
  3 hogs (D:12)
  A vampire (D:11)
  2 wraiths (Orc:1)
  A redback (Lair:5)
  2 basilisks
  7 nagas
  3 water moccasins
  10 orc warriors
  3 ice beasts
  A sky beast (D:6)
  8 ogres
  6 wolves
  3 centaurs
  2 phantoms (D:12)
  3 elf zombies (Ossuary)
  2 kobold brigands
  9 bullfrogs
  4 gnoll sergeants
  A scorpion (Lair:1)
  3 wights (D:9)
  6 killer bees
  An electric eel (Snake:2)
  A howler monkey (D:4)
  3 lava snakes (Volcano)
  2 centaur zombies (Ossuary)
  4 orc priests
  2 komodo dragon simulacra (IceCv)
  A hound (D:5)
  3 gnoll boudas
  An iguana (D:6)
  5 orc wizards
  2 hell rats (Lair:4)
  12 gnolls
  2 steam dragon simulacra (IceCv)
  An ufetubus (D:7)
  4 dart slugs (D:5)
  25 orcs
  A bat (D:12)
  3 kobolds (D:10)
275 creatures vanquished.

Vanquished Creatures (others)
  17 battlemagi
  An ancestor (D:5)
  2 demonic plants (D:2)
  131 fulminant prisms
  27 fungi
  70 plants
  3 withered plants (D:2)
251 creatures vanquished.

Grand Total: 1252 creatures vanquished

Table legend:
 A = Non-vault XP
 B = Vault XP
 C = Vault XP percentage of total XP
 D = Non-vault monster count
 E = Vault monster count
 F = Vault count percentage of total count
                 A         B        C        D         E       F
            +---------+---------+-------+---------+---------+-------
      Total |  131289 |  120940 |  47.9 |     611 |     390 |  39.0
            +---------+---------+-------+---------+---------+-------
        D:1 |      47 |       7 |  13.0 |      27 |       4 |  12.9
        D:2 |      22 |       0 |   0.0 |      12 |       0 |   0.0
        D:3 |      48 |     267 |  84.8 |      17 |       2 |  10.5
        D:4 |     477 |     277 |  36.7 |      19 |       1 |   5.0
        D:5 |    1116 |      32 |   2.8 |      34 |       8 |  19.0
        D:6 |     606 |     202 |  25.0 |      15 |       1 |   6.2
        D:7 |     567 |     133 |  19.0 |      15 |       1 |   6.2
        D:8 |    1666 |       0 |   0.0 |      26 |       0 |   0.0
        D:9 |    3413 |    3180 |  48.2 |      39 |       8 |  17.0
       D:10 |    3088 |       0 |   0.0 |      31 |       0 |   0.0
       D:11 |    4887 |   10837 |  68.9 |      21 |      32 |  60.4
       D:12 |    5456 |    5724 |  51.2 |      10 |      21 |  67.7
       D:13 |    3942 |    6795 |  63.3 |      13 |      29 |  69.0
       D:14 |    3353 |    2276 |  40.4 |      10 |      10 |  50.0
       D:15 |    7184 |   11317 |  61.2 |      13 |      18 |  58.1
     Lair:1 |    6341 |     471 |   6.9 |      20 |       1 |   4.8
     Lair:2 |    6729 |    1711 |  20.3 |      23 |       7 |  23.3
     Lair:3 |    7495 |    1919 |  20.4 |      28 |       4 |  12.5
     Lair:4 |    7295 |    2311 |  24.1 |      30 |       8 |  21.1
     Lair:5 |   14619 |    9828 |  40.2 |      42 |      38 |  47.5
    Snake:1 |   12060 |    1240 |   9.3 |      25 |       2 |   7.4
    Snake:2 |    9424 |    2327 |  19.8 |      16 |       4 |  20.0
    Snake:3 |   19588 |    6886 |  26.0 |      44 |       7 |  13.7
    Snake:4 |    8720 |   17571 |  66.8 |      17 |      26 |  60.5
      Orc:1 |    1208 |    3620 |  75.0 |      23 |      19 |  45.2
      Orc:2 |    1938 |   22567 |  92.1 |      41 |      53 |  56.4
    Ossuary |       0 |     885 | 100.0 |       0 |      15 | 100.0
     Bailey |       0 |    1465 | 100.0 |       0 |      28 | 100.0
      IceCv |       0 |    3732 | 100.0 |       0 |      28 | 100.0
    Volcano |       0 |    3360 | 100.0 |       0 |      15 | 100.0
            +---------+---------+-------+---------+---------+-------

Illustrated notes

Table legend:
 A = Kills in this place as a percentage of kills in entire the game.
 B = Kills by you in this place as a percentage of kills by you in the entire game.
 C = Kills by friends in this place as a percentage of kills by friends in the entire game.
 D = Other kills in this place as a percentage of other kills in the entire game.
 E = Experience gained in this place as a percentage of experience gained in the entire game.
 F = Experience gained in this place divided by the number of levels of this place that you have seen.
                   A       B       C       D       E      F
               +-------+-------+-------+-------+-------+----------------------
         Total | 100.0 | 100.0 | 100.0 |   N/A | 100.0 | 8407.6
       Dungeon |  43.7 |  46.0 |  37.5 |   N/A |  30.5 | 5127.9
          Lair |  20.1 |  17.9 |  25.8 |   N/A |  23.3 | 11743.8
     Snake Pit |  14.1 |  13.6 |  15.3 |   N/A |  30.9 | 19454.0
  Orcish Mines |  13.6 |  13.9 |  12.7 |   N/A |  11.6 | 14666.5
       Ossuary |   1.5 |   1.4 |   1.8 |   N/A |   0.4 | 885.0
        Bailey |   2.8 |   2.5 |   3.6 |   N/A |   0.6 | 1465.0
      Ice Cave |   2.8 |   3.3 |   1.5 |   N/A |   1.5 | 3732.0
       Volcano |   1.5 |   1.4 |   1.8 |   N/A |   1.3 | 3360.0
               +-------+-------+-------+-------+-------+----------------------

Table legend: (Time is in decaauts)
 A = Elapsed time spent in this place.
 B = Non-inter-level travel time spent in this place.
 C = Inter-level travel time spent in this place.
 D = Time resting spent in this place.
 E = Time spent auto-exploring this place.
 F = Levels seen in this place.
 G = Mean time per level.
                   A        B        C        D        E       F      G
               +--------+--------+--------+--------+--------+-----+--------+
         Total |  34418 |  32734 |   1684 |   6748 |  19749 |  30 | 1147.3 |
       Dungeon |  19283 |  18113 |   1170 |   3883 |  11695 |  15 | 1285.5 |
          Lair |   6870 |   6555 |    315 |   1361 |   4061 |   5 | 1374.0 |
     Snake Pit |   4595 |   4470 |    125 |    275 |   3060 |   4 | 1148.8 |
  Orcish Mines |   1524 |   1451 |     73 |    257 |    698 |   2 |  762.0 |
       Ossuary |    409 |    409 |      0 |    250 |      0 |   1 |  409.0 |
        Bailey |    461 |    461 |      0 |    192 |     78 |   1 |  461.0 |
      Ice Cave |    619 |    619 |      0 |    324 |     40 |   1 |  619.0 |
       Volcano |    653 |    653 |      0 |    206 |    117 |   1 |  653.0 |
               +--------+--------+--------+--------+--------+-----+--------+

Top non-repeatable levels by time:
     D:8: 2064 daAuts
     D:4: 1996 daAuts
  Lair:4: 1667 daAuts
     D:1: 1630 daAuts
     D:9: 1622 daAuts
 Snake:3: 1589 daAuts
  Lair:1: 1552 daAuts
     D:3: 1436 daAuts
     D:2: 1395 daAuts
    D:11: 1363 daAuts
  Lair:2: 1351 daAuts
 Snake:2: 1235 daAuts
  Lair:5: 1155 daAuts
  Lair:3: 1143 daAuts
     D:5: 1125 daAuts
